 Dungeon Crawl Stone Soup version 0.29-a0-824-gd827844252 (webtiles) character file.

Game seed: 2287693580927573383

25610 dolemite99 the Severer (level 12, -7/177 HPs)
             Began as a Minotaur Chaos Knight on July 9, 2022.
             Was a Plaything of Xom.
             Killed by divine providence
             ... invoked by an orc high priest
              (17 damage)
             ... on level 2 of the Orcish Mines.
             The game lasted 00:26:44 (18805 turns).

dolemite99 the Severer (Minotaur Chaos Knight)     Turns: 18805, Time: 00:26:44

Health: -7/177     AC: 26    Str: 29    XL:     12   Next: 91%
Magic:  20/20      EV:  2    Int: 13    God:    Xom [......]
Gold:   688        SH:  4    Dex:  9    Spells: 11/11 levels left

rFire   . . .      SeeInvis .   a - +6 broad axe (venom)
rCold   . . .      Faith    .   i - +0 buckler
rNeg    + + .      Spirit   .   (body armour currently unavailable)
rPois   +          Reflect  .   (helmet currently unavailable)
rElec   .          Harm     .   (cloak currently unavailable)
rCorr   .          Rampage  .   (gloves currently unavailable)
Will    .....      NoTele   +   (boots currently unavailable)
Stlth   +.........              (no amulet)
HPRegen 0.39/turn               c - +6 ring of strength {=R}
MPRegen 0.17/turn               d - ring of Freedom {rN++ MP+9 EV+4 Int+4}

@: tree-form
A: stationary, stasis, torment immunity, boosted hp, (horns 2), (retaliatory
headbutt), (fangs 1), (iridescent scales 1), (large bone plates 1), mutation
resistance 1, robust 1
a: Renounce Religion


You were on level 2 of the Orcish Mines.
You worshipped Xom.
You were a very special plaything of Xom.
You were a tree.
You visited 2 branches of the dungeon, and saw 14 of its levels.

You collected 2046 gold pieces.
You spent 1358 gold pieces at shops.

Inventory:

Hand Weapons
 a - a +6 broad axe of venom (weapon)
 b - a +2 morningstar of flaming
 m - a +3 eveningstar
 t - a +1 hand axe of flaming
Missiles
 A - 3 poisoned darts (quivered)
 M - 6 javelins
Armour
 i - a +0 buckler (worn)
 j - a +0 hat (melded)
 k - a +0 pair of boots
 l - the +3 pair of seven-league boots (melded) {Rampage+∞}
   (You bought it in a shop on level 1 of the Orcish Mines)

   Its wearer moves as far as possible in that direction when moving towards
   enemies.
 o - a +1 cloak (melded)
 B - a +0 pair of gloves (melded)
 I - the +1 ring mail of Saoxopoar {Rampage Will+ Int+5 Stlth-}
   (You found it on level 9 of the Dungeon)

   Int:       It affects your intelligence (+5).
   Rampage:   It bestows one free step when moving towards enemies.
   Will:      It increases your willpower.
   Stlth:     It makes you less stealthy.
 S - a +2 plate armour of poison resistance (melded)
Jewellery
 c - a +6 ring of strength (left branch) {=R}
 d - the ring of Freedom (right branch) {rN++ MP+9 EV+4 Int+4}
   (You found it on level 9 of the Dungeon)

   [ring of evasion]

   EV:        It affects your evasion (+4).
   Int:       It affects your intelligence (+4).
   rN:        It greatly protects you from negative energy.
   MP:        It affects your magic capacity (+9).
 h - a +4 ring of evasion
 r - the ring "Iriluaff" {rElec rF+ Will- Str+7 SInv}
   (You acquired it on level 1 of the Orcish Mines)

   [ring of protection from fire]

   Str:       It affects your strength (+7).
   rF:        It protects you from fire.
   rElec:     It insulates you from electricity.
   SInv:      It lets you see invisible.
   Will:      It decreases your willpower.
 s - a ring of magical power
 K - a ring of protection from cold
Wands
 e - a wand of roots (21)
 q - a wand of flame (44)
 J - a wand of charming (9)
Scrolls
 u - 3 scrolls of fog
 v - a scroll of silence
 w - a scroll of enchant weapon
 x - 4 scrolls of teleportation
 z - 2 scrolls of identify {@r1}
Potions
 g - 3 potions of degeneration
 n - 6 potions of attraction
 C - 2 potions of magic
 D - 2 potions of cancellation {unknown}
 H - 2 potions of lignification
 L - a potion of brilliance {unknown}
 P - a potion of invisibility {unknown}
 Q - 2 potions of berserk rage {unknown}
Miscellaneous
 f - a piece from Xom's chessboard (15/15)


   Skills:
 - Level 10.8 Fighting
 - Level 16.6(16.8) Axes
 - Level 3.6(11.4) Maces & Flails
 + Level 15.8 Armour
 + Level 3.2 Dodging
 - Level 4.0 Shields
 - Level 5.3 Evocations


You had 11 spell levels left.
You didn't know any spells.
Your spell library contained the following spells:

 Spells                   Type           Power      Damage    Failure   Level
 Beastly Appendage        Tmut           0%         N/A       36%         1
 Poisonous Vapours        Pois/Air       0%         N/A       52%         2
 Scorch                   Fire           0%         2d5       52%         2
 Static Discharge         Conj/Air       0%         3-3/arc   52%         2
 Sublimation of Blood     Necr           0%         N/A       52%         2
 Wereblood                Tmut           0%         N/A       52%         2
 Dazzling Flash           Conj/Hex       0%         N/A       75%         3
 Ozocubu's Armour         Ice            0%         N/A       75%         3
 Spider Form              Tmut/Pois      0%         N/A       75%         3
 Corpse Rot               Necr/Pois/Air  0%         N/A       98%         4
 Dispel Undead            Necr           0%         3d6       98%         4
 Flame Wave               Conj/Fire      0%         2d4       98%         4
 Iskenderun's Mystic Bla  Conj/Tloc      0%         2d3       98%         4
 Petrify                  Tmut/Erth      0%         N/A       98%         4
 Sticky Flame             Conj/Fire      0%         2d3       98%         4
 Summon Lightning Spire   Summ/Air       0%         N/A       98%         4
 Irradiate                Conj/Tmut      0%         3d13      100%        5
 Metabolic Englaciation   Hex/Ice        0%         N/A       100%        5
 Simulacrum               Ice/Necr       0%         N/A       100%        6
 Starburst                Conj/Fire      0%         6d3       100%        6
 Summon Cactus Giant      Summ           0%         N/A       100%        6
 Malign Gateway           Summ/Tloc      0%         N/A       100%        7


Dungeon Overview and Level Annotations

Branches:
Dungeon (12/15)            Temple (0/1) D:7            Lair (0/6) D:9
    Orc (2/2) D:10            Elf (0/3) Orc:2

Altars:
Makhleb
Okawaru
Vehumet
Xom
Zin
The Shining One

Shops:
D:10 [   D:11 *   Orc:1 [   Orc:2 [*:=

Annotations:
D:12 Kirke


Innate Abilities, Weirdness & Mutations

You are a tree.
Your roots penetrate the ground, keeping you stationary.
You cannot be teleported.
You are immune to unholy pain and torment.
Your maximum health is greatly increased.
Your equipment is partially melded.
((You have a pair of horns on your head.))
((You reflexively headbutt those who attack you in melee.))
((You have very sharp teeth.))
((You are partially covered in iridescent scales. (AC +2)))
((You are partially covered in large bone plates. (SH +4)))
You are somewhat resistant to further mutation.
You are robust. (+10% HP)


Message History

You slice the ice devil!!
You kill the ice devil!
The ice devil disappears in a puff of smoke!
You hit the hellwing but do no damage.
Okay, then.
Unknown command.
As you read the scroll of teleportation, it crumbles to dust.
You feel strangely unstable. The hellwing closely misses you.
You furiously retaliate!
You headbutt the hellwing!
You kill the hellwing!
The hellwing disappears in a puff of smoke!
You hit the orc priest but do no damage.
The orc priest looks even sicker.
You headbutt the orc priest.
You kill the orc priest!
The orc priest calls down the wrath of Beogh upon you.
Beogh smites you!
* * * LOW HITPOINT WARNING * * *
The orc high priest calls down the wrath of Beogh upon you.
Beogh smites you!
* * * LOW HITPOINT WARNING * * *
The orc priest mumbles some strange prayers to Beogh against you.
Beogh smites you!
* * * LOW HITPOINT WARNING * * *
Xom thinks this is hilarious!
It was a potion of lignification.
You turn into a tree.
Your +1 cloak melds into your body.
Your +0 hat melds into your body.
Your +0 pair of gloves melds into your body.
The +3 pair of seven-league boots {Rampage+∞} melds into your body.
Your +2 plate armour of poison resistance melds into your body.
You no longer feel ready to stride towards your foes.
You no longer feel resistant to poison.
Your roots penetrate the ground.
You feel strangely stable.
You cannot move.
Unknown command.
The orc priest looks satisfied for a moment.
The orc high priest prays to Beogh.
The orc high priest invokes the aid of Beogh against you.
Beogh smites you!
You die...
Xom bursts into laughter!

...........#.......)...)..#...##
..........###..........#..#o)(#
........###
#.#).....##.#.....#.# #.....#.*
#.#..........#...).# * ,,,* *
#.###....#.##(#...... * *** #.*
###..#####....... ** #.* ..##
##.......
#####################.....)..
##..†........♣o)o3o44o........
##...###############34.........
#..)##.............##.§........
#..##...............##.........
#..#......#####......#.o.......
#.)#...)...#.#.......#..o......
#..#.....#.....#.....#...o.....
#..#.)).###...###....#....o....
#..#..#..#)....#..#..#.(...#...


You could see 2 orc high priests, a sun demon (summoned), 3 ice devils, a smoke
demon (summoned) and an orc priest.

Vanquished Creatures
  A hydra (D:12)
  A boulder beetle (D:11)
  3 two-headed ogres
  Urug (Orc:1)
  2 orc high priests (Orc:2)
  4 lindwurms (D:9)
  A glowing orange brain (shapeshifter) (Orc:2)
  2 orc sorcerers (Orc:2)
  A cyclops (D:12)
  Maurice (D:12)
  2 unseen horrors (D:11)
  3 kobold demonologists
  6 trolls
  3 slime creatures (D:11)
  17 yaks
  2 wraiths
  5 wyverns
  Grum (D:9)
  A hog (D:11)
  Menkaure (D:5)
  3 steam dragons
  3 vampire mosquitoes
  3 wargs
  2 acid dragons
  2 hell hounds (Orc:2)
  3 water moccasins (D:7)
  3 ice beasts
  21 orc warriors
  2 black bears
  4 ogres
  5 centaurs
  A boggart (D:11)
  A phantom (D:6)
  2 wolves (D:9)
  3 bullfrogs
  A gnoll sergeant (D:10)
  7 scorpions
  25 killer bees
  2 howler monkeys (D:8)
  A crimson imp (D:8)
  2 jellies
  22 orc priests
  3 hounds
  3 iguanas
  45 orc wizards
  14 gnolls
  12 adders
  A shadow imp (D:6)
  2 ufetubi (D:5)
  A dart slug (D:1)
  121 orcs
  5 ball pythons
  8 bats
  11 endoplasms
  7 giant cockroaches
  7 goblins
  6 hobgoblins
  6 jackals
  5 quokkas
  6 frilled lizards
  3 kobolds
  4 rats
446 creatures vanquished.

Vanquished Creatures (collateral kills)
  An orc warrior (Orc:1)
  A boggart (D:11)
2 creatures vanquished.

Vanquished Creatures (others)
  A two-headed ogre (D:12)
  Duvessa (D:4)
  A boggart (D:11)
  A goblin (D:4)
  A hobgoblin (D:3)
  28 fungi
33 creatures vanquished.

Grand Total: 481 creatures vanquished

Notes
Turn   | Place    | Note
-------+----------+-------------------------------------------
     0 | D:1      | dolemite99 the Minotaur Chaos Knight began the quest for
                  | the Orb.
     0 | D:1      | Reached XP level 1. HP: 19/19 MP: 0/0
   103 | D:1      | Reached skill level 4 in Axes
   140 | D:1      | XOM: divination: detect creatures
   211 | D:1      | Reached XP level 2. HP: 26/26 MP: 1/1
   556 | D:1      | Found a faded altar of an unknown god.
   562 | D:1      | Prayed at the altar of an unknown god.
   822 | D:2      | XOM: divination: magic mapping
   872 | D:2      | Reached skill level 5 in Axes
   931 | D:2      | Reached XP level 3. HP: 23/31 MP: 2/2
  1578 | D:2      | XOM: scenery: summon butterflies
  1679 | D:2      | XOM: god gift: robe {god gift}
  1790 | D:3      | Reached skill level 6 in Axes
  1790 | D:3      | Reached XP level 4. HP: 39/39 MP: 3/3
  1824 | D:3      | XOM: divination: detect items
  2136 | D:3      | XOM: destruction
  2268 | D:3      | XOM: cloud trail
  2338 | D:3      | Reached skill level 7 in Axes
  2338 | D:3      | Reached XP level 5. HP: 33/45 MP: 4/4
  2482 | D:3      | XOM: 6-stop teleportation journey
  2601 | D:3      | XOM: god gift: scroll of enchant weapon
  2944 | D:3      | XOM: give mutations
  2944 | D:3      | Gained mutation: You possess an exceptional clarity of
                  | mind. [Xom's grace]
  2944 | D:3      | Gained mutation: You are somewhat resistant to further
                  | mutation. [Xom's grace]
  2944 | D:3      | Gained mutation: Your flesh is heat resistant. (rF+) [Xom's
                  | grace]
  2944 | D:3      | Gained mutation: You are partially covered in large bone
                  | plates. (SH +4) [Xom's grace]
  2968 | D:4      | Reached skill level 8 in Axes
  3149 | D:4      | Reached XP level 6. HP: 45/51 MP: 5/5
  3323 | D:4      | Noticed Duvessa
  3323 | D:4      | Noticed Dowan
  3337 | D:4      | Reached skill level 16 in Axes
  3337 | D:4      | Reached XP level 7. HP: 38/57 MP: 6/6
  3339 | D:4      | XOM: divination: magic mapping
  3343 | D:4      | XOM: enchant monster (good)
  3592 | D:4      | XOM: summons 3 hostile shadow creatures
  3650 | D:4      | XOM: give mutation
  3650 | D:4      | Gained mutation: Your muscles are strong. (Str +4, Int/Dex
                  | -1) [Xom's grace]
  3754 | D:4      | XOM: divination: detect creatures
  3894 | D:4      | XOM: summons 4 friendly demons
  4782 | D:4      | Killed Duvessa
  4782 | D:4      | XOM: divine lightning
  4784 | D:4      | Noticed Dowan
  4784 | D:4      | Dowan changed into Dowan the adder
  4784 | D:4      | XOM: polymorph Dowan -> Dowan the adder
  4785 | D:4      | Killed Dowan the adder
  5171 | D:5      | Entered Level 5 of the Dungeon
  5234 | D:5      | XOM: polymorph jelly -> iguana
  5254 | D:5      | Noticed Menkaure
  5263 | D:5      | Killed Menkaure
  5264 | D:5      | Reached skill level 5 in Fighting
  5437 | D:5      | XOM: silly message
  5489 | D:5      | XOM: noise
  5497 | D:5      | Reached XP level 8. HP: 68/68 MP: 7/7
  5505 | D:5      | XOM: 1-stop teleportation journey
  5512 | D:5      | Reached skill level 1 in Evocations
  5729 | D:5      | XOM: cloud trail
  5757 | D:5      | XOM: 1-stop teleportation journey
  5849 | D:5      | XOM: cloud trail
  5887 | D:5      | Found a glowing drain.
  6019 | D:5      | XOM is BORED!
  6019 | D:5      | XOM: give mutations
  6019 | D:5      | Gained mutation: Your mind is acute. (Int +4, Str/Dex -1)
                  | [Xom's mischief]
  6019 | D:5      | Gained mutation: Your body sometimes deteriorates upon
                  | taking damage. [Xom's mischief]
  6019 | D:5      | Lost mutation: Your flesh is heat resistant. (rF+) [Xom's
                  | mischief]
  6019 | D:5      | Lost mutation: Your body sometimes deteriorates upon taking
                  | damage. [Xom's mischief]
  6233 | D:5      | XOM: stat loss: -1 Dex (6/7)
  6336 | D:5      | XOM: summons 5 hostile demons
  6337 | D:5      | Noticed a sixfirhy
  6372 | D:6      | XOM: polymorph iguana -> ogre
  6988 | D:6      | XOM: enchant monster (bad)
  6993 | D:6      | XOM: god gift: 603 gold pieces
  7004 | D:6      | Reached XP level 9. HP: 54/74 MP: 8/8
  7248 | D:6      | XOM: summons 3 hostile demons
  7347 | D:6      | XOM is BORED!
  7347 | D:6      | XOM: summons 2 hostile demons
  7810 | D:6      | XOM: summons 4 hostile shadow creatures
  8280 | D:7      | Reached skill level 5 in Evocations
  8339 | D:6      | Lost mutation: You are partially covered in large bone
                  | plates. (SH +4) [potion of mutation]
  8339 | D:6      | Lost mutation: Your muscles are strong. (Str +4, Int/Dex
                  | -1) [potion of mutation]
  8339 | D:6      | HP: 3/74 [poisoned by an orc wizard]
  8518 | D:6      | XOM: give mutation
  8518 | D:6      | Lost mutation: Your mind is acute. (Int +4, Str/Dex -1)
                  | [Xom's mischief]
  8867 | D:6      | XOM: summons 2 hostile demons
  8868 | D:6      | Noticed an orange demon
  8877 | D:7      | Reached skill level 1 in Maces & Flails
  9192 | D:7      | Found a glowing silver altar of Zin.
  9192 | D:7      | XOM: 4-stop teleportation journey
  9196 | D:7      | XOM: swap monsters
  9269 | D:7      | XOM: cloud trail
  9332 | D:7      | XOM: smoke on damage
  9496 | D:7      | Identified a scroll of acquirement
  9496 | D:7      | Acquired a +5 broad axe of venom
  9571 | D:7      | Found a staircase to the Ecumenical Temple.
  9679 | D:7      | Found a glowing golden altar of the Shining One.
  9800 | D:8      | Found a burning altar of Makhleb.
  9800 | D:8      | Found a radiant altar of Vehumet.
  9802 | D:8      | XOM: divination: magic mapping
  9837 | D:8      | XOM: god gift: 43 gold pieces
  9906 | D:8      | XOM: confuse monster(s)
 10104 | D:8      | XOM: god gift: scroll of teleportation
 10200 | D:8      | Reached skill level 5 in Armour
 10382 | D:8      | XOM: give mutation
 10382 | D:8      | Lost mutation: You possess an exceptional clarity of mind.
                  | [Xom's mischief]
 10395 | D:8      | Reached XP level 10. HP: 70/81 MP: 9/9
 10535 | D:8      | Got Sakiesoo's Catalogue of Creative Putrescence
 10657 | D:8      | Identified the +8 longbow of Drought {venom, Dex+5}
 10908 | D:9      | Reached skill level 1 in Shields
 10910 | D:9      | XOM: blink monster(s)
 11033 | D:8      | XOM: summons 1 hostile demon
 11324 | D:9      | Found an iron altar of Okawaru.
 11324 | D:9      | Found a staircase to the Lair.
 11324 | D:9      | Noticed a two-headed ogre
 11324 | D:9      | XOM: 7-stop teleportation journey
 11331 | D:9      | Killed a two-headed ogre
 11571 | D:9      | Noticed a two-headed ogre
 11575 | D:9      | XOM: blink monster(s)
 11584 | D:9      | Killed a two-headed ogre
 11751 | D:9      | XOM: 2-stop teleportation journey
 11873 | D:9      | Noticed a lindwurm
 11873 | D:9      | Noticed a lindwurm
 11876 | D:9      | Noticed a lindwurm
 11883 | D:9      | XOM: potion effect (invisibility)
 12023 | D:9      | XOM: 2-stop teleportation journey
 12144 | D:9      | Noticed Grum
 12149 | D:9      | Killed Grum
 12154 | D:9      | XOM: god gift: 3 stones
 12208 | D:9      | XOM: noise
 12240 | D:9      | XOM: noise
 12396 | D:9      | XOM: cloud trail
 12500 | D:9      | XOM: silly message
 12521 | D:10     | Entered Level 10 of the Dungeon
 12525 | D:10     | XOM: potion effect (curing)
 12547 | D:10     | Reached XP level 11. HP: 70/97 MP: 10/10
 12572 | D:10     | XOM: cast spell 'Call Canine Familiar'
 12903 | D:10     | Found a staircase to the Orcish Mines.
 12916 | D:10     | Reached skill level 10 in Fighting
 13014 | D:10     | Found Unyqi's Armour Shop.
 13390 | D:10     | Bought a +2 plate armour of poison resistance for 444 gold
                  | pieces
 13467 | D:10     | XOM: swap monsters
 13578 | D:10     | XOM: smoke on damage
 13582 | D:10     | XOM: potion effect (haste)
 13907 | D:10     | XOM is BORED!
 13907 | D:10     | XOM: summons 1 hostile shadow creature
 13953 | D:11     | Found Otoneurph's Assorted Antiques.
 13962 | D:11     | Bought a murky cyan potion for 24 gold pieces
 13962 | D:11     | Bought 2 fizzy emerald potions for 48 gold pieces
 13962 | D:11     | Bought a scroll of enchant weapon for 202 gold pieces
 13986 | D:11     | XOM: chaos upgrade
 14136 | D:11     | XOM: 1-stop teleportation journey
 14305 | D:11     | Noticed a boulder beetle
 14311 | D:11     | XOM: cleaving
 14333 | D:11     | XOM: blink monster(s)
 14370 | D:11     | Noticed a six-headed hydra
 14396 | D:11     | Killed a boulder beetle
 14397 | D:11     | Reached skill level 10 in Armour
 14462 | D:11     | XOM: noise
 14524 | D:11     | XOM: 1-stop teleportation journey
 15193 | D:11     | XOM: scenery: summon butterflies
 15457 | D:12     | Noticed Kirke
 15460 | D:12     | Noticed a sphinx
 15460 | D:12     | Noticed a two-headed ogre
 15521 | D:12     | Noticed a two-headed ogre
 15522 | D:12     | Noticed an eight-headed hydra
 15522 | D:12     | XOM: enchant monster (good)
 15526 | D:12     | Noticed a two-headed ogre
 15536 | D:12     | Killed a two-headed ogre
 15539 | D:12     | XOM: divination: magic mapping
 15541 | D:12     | XOM: cast spell 'Death Channel'
 15546 | D:12     | Killed an eight-headed hydra
 15547 | D:12     | Reached XP level 12. HP: 59/108 MP: 11/11
 15696 | D:12     | Noticed Maurice
 15709 | D:12     | Killed Maurice
 15762 | D:12     | XOM: cloud trail
 15871 | D:12     | XOM: divination: detect creatures
 15981 | D:12     | XOM: confuse monster(s)
 15982 | D:12     | XOM: fog
 16356 | D:11     | XOM is BORED!
 16356 | D:11     | XOM: summons 3 hostile shadow creatures
 16387 | Orc:1    | XOM: stealth player
 16387 | Orc:1    | Entered Level 1 of the Orcish Mines
 16441 | Orc:1    | Found a burning altar of Makhleb.
 16451 | Orc:1    | XOM: blink monster(s)
 16514 | Orc:1    | XOM: silly message
 16599 | Orc:1    | Found Dysmarel's Armour Emporium.
 16615 | Orc:1    | XOM: summons friendly iron imp
 16654 | Orc:1    | XOM: blink monster(s)
 16697 | Orc:1    | XOM: silly message
 16721 | Orc:1    | XOM: silly message
 16816 | Orc:1    | XOM: divination: detect items
 16867 | Orc:1    | XOM: silly message
 16870 | Orc:1    | XOM: divination: detect items
 16933 | Orc:1    | XOM: silly message
 17034 | Orc:1    | Bought the +3 pair of seven-league boots {Rampage+∞} for
                  | 640 gold pieces
 17034 | Orc:1    | Found the +3 pair of seven-league boots {Rampage+∞}
 17229 | D:9      | XOM: potion effect (might)
 17234 | D:9      | XOM: potion effect (invisibility)
 17255 | D:9      | Identified the ring of Freedom {rN++ MP+9 EV+4 Int+4}
 17265 | D:9      | Identified the +1 ring mail of Saoxopoar {Rampage Will+
                  | Int+5 Stlth-}
 17345 | Orc:2    | Entered Level 2 of the Orcish Mines
 17568 | Orc:2    | Found a staircase to the Elven Halls.
 17686 | Orc:2    | Reached skill level 15 in Armour
 17687 | Orc:2    | Noticed Urug
 17688 | Orc:2    | Noticed an orc high priest
 17691 | Orc:2    | XOM: potion effect (curing)
 17701 | Orc:2    | Killed an orc high priest
 17707 | Orc:2    | XOM: god gift: mace {god gift}
 17910 | Orc:1    | XOM: divination: detect creatures
 18012 | Orc:2    | XOM: fog
 18014 | Orc:2    | XOM: divination: magic mapping
 18027 | Orc:1    | XOM: give mutations
 18027 | Orc:1    | Gained mutation: You have very sharp teeth. [Xom's grace]
 18027 | Orc:1    | Gained mutation: You are partially covered in large bone
                  | plates. (SH +4) [Xom's grace]
 18029 | Orc:1    | Killed Urug
 18114 | Orc:1    | XOM: god gift: 57 gold pieces
 18318 | Orc:1    | Acquired the ring "Iriluaff" {rElec rF+ Will- Str+7 SInv}
 18418 | Orc:2    | Noticed an orc high priest
 18422 | Orc:2    | XOM: confuse monster(s)
 18454 | Orc:2    | Noticed an orc high priest
 18454 | Orc:2    | XOM: 1-stop teleportation journey
 18456 | Orc:2    | Found Fuz Kaud's Jewellery Emporium.
 18456 | Orc:2    | Found Gocet's Antique Armour Shoppe.
 18456 | Orc:2    | Found Yviaheb's General Store.
 18458 | Orc:2    | Killed an orc high priest
 18463 | Orc:2    | Found Canwit's Book Emporium.
 18488 | Orc:2    | XOM: polymorph orc priest -> glowing shapeshifter
 18489 | Orc:2    | XOM: confuse monster(s)
 18491 | Orc:2    | XOM: summons 3 friendly demons
 18496 | Orc:2    | XOM: cleaving
 18688 | Orc:2    | XOM: give mutations
 18688 | Orc:2    | Gained mutation: You are partially covered in iridescent
                  | scales. (AC +2) [Xom's grace]
 18688 | Orc:2    | Gained mutation: You are robust. (+10% HP) [Xom's grace]
 18766 | Orc:2    | Noticed an orc high priest
 18768 | Orc:2    | XOM: blink monster(s)
 18776 | Orc:2    | XOM: silly message
 18800 | Orc:2    | HP: 5/118 [orc priest/divine providence (14)]
 18805 | Orc:2    | Killed from afar by an orc high priest

Illustrated notes

Levels and vault maps discovered:
D:1:      ncdulo_smallfort, layout_basic,
          dreamdust_ecumenical_altar_angels_and_demons
D:2:      layout_basic, minmay_pentomino_o2
D:3:      cheibrodos_greedy_goblins, layout_loops_ring, minivault_4
D:4:      layout_cave_pods, uniq_duvessa
D:5:      kennysheep_steamy, layout_basic, portal_sewer_entry_f, uniq_menkaure
D:6:      layout_loops_ring, corexii_corridor_pit, lemuel_flamethrower_2
D:7:      layout_rooms, mainiacjoe_overflow_two_lobes, minmay_temple_entry_mist
D:8:      layout_basic, grunt_temple_overflow_lords_of_destruction
D:9:      old_forge, layout_rooms, mainiacjoe_overflow_boulevard,
          lair_entry_dummy, minmay_lindwurm_lava, uniq_grum
D:10:     layout_cave_pools, hiddenorc2_lemuel, special_room [special_room_orc],
          serial_shops, shop
D:11:     layout_layer_cave, serial_shops, nicolae_stop_n_shop_1
D:12:     layout_cave_pools, gammafunk_ghost_icy, uniq_frances, uniq_kirke,
          uniq_maurice
Orc:1:    layout_diamond_mine, basic_altar, serial_shops, shop_fountains,
          guppyfry_library_mini
Orc:2:    st_orc_mages, layout_diamond_mine, enter_volcano_3, basic_altar,
          uniq_urug

Skill      XL: |  1  2  3  4  5  6  7  8  9 10 11 12 |
---------------+-------------------------------------+-----
Axes           | 4 5 6 7 8 16 | 16.6
Fighting       | 5 9 10 | 10.8
Evocations     | 4 5 |  5.3
Maces & Flails | 3 |  3.6
Armour         | 6 11 15 | 15.8
Shields        | 4 |  4.0
Dodging        | 3 |  3.2

Action                   |  1- 3 |  4- 6 |  7- 9 | 10-12 || total
-------------------------+-------+-------+-------+-------++-------
Melee: Hand axe          |    75 |    83 |    27 |       ||   185
       Headbutt          |     7 |    14 |    40 |    93 ||   154
       Punch             |     1 |       |       |       ||     1
       War axe           |       |       |   187 |       ||   187
       Broad axe         |       |       |    57 |   535 ||   592
       Morningstar       |       |       |    22 |    10 ||    32
       Bite              |       |       |       |     9 ||     9
Throw: Dart              |       |       |       |    22 ||    22
Evoke: Wand              |       |       |     1 |     2 ||     3
       Piece from Xom's  |       |       |     1 |     5 ||     6
  Use: Scroll            |     8 |     6 |    12 |    12 ||    38
       Potion            |     1 |     1 |     7 |     5 ||    14
 Stab: Petrified         |       |       |     2 |       ||     2
       Sleeping          |       |       |     1 |       ||     1
       Paralysed         |       |       |       |     2 ||     2
       Held in net/web   |       |       |       |     1 ||     1
       Invisible         |       |       |       |     3 ||     3
Armor: Leather armour    |    47 |    28 |       |       ||    75
       Chain mail        |       |    13 |   200 |    89 ||   302
       Plate armour      |       |       |       |   311 ||   311
Dodge: Dodged            |    28 |    42 |   115 |   207 ||   392
Block: Buckler           |     4 |    23 |    75 |   122 ||   224

Table legend: (Time is in decaauts)
 A = Elapsed time spent in this place.
 B = Non-inter-level travel time spent in this place.
 C = Inter-level travel time spent in this place.
 D = Time resting spent in this place.
 E = Time spent auto-exploring this place.
 F = Levels seen in this place.
 G = Mean time per level.
                   A        B        C        D        E       F      G
               +--------+--------+--------+--------+--------+-----+--------+
         Total |  18613 |  18073 |    540 |   6890 |   7856 |  14 | 1329.5 |
       Dungeon |  16383 |  15867 |    516 |   6071 |   7080 |  12 | 1365.2 |
  Orcish Mines |   2230 |   2207 |     23 |    819 |    776 |   2 | 1115.0 |
               +--------+--------+--------+--------+--------+-----+--------+

Top non-repeatable levels by time:
     D:6: 2295 daAuts
     D:4: 2171 daAuts
    D:11: 1863 daAuts
     D:9: 1621 daAuts
     D:8: 1449 daAuts
   Orc:1: 1389 daAuts
    D:10: 1264 daAuts
     D:3: 1208 daAuts
     D:5: 1155 daAuts
     D:2: 1071 daAuts
     D:7: 1066 daAuts
   Orc:2: 840 daAuts
     D:1: 695 daAuts
    D:12: 520 daAuts
